[Event "44th Chess Olympiad Open 2022"]
[Site "Chennai"]
[Date "2022.08.07"]
[Round "9.5"]
[White "Diamant, Andre"]
[Black "Sasikiran, Krishnan"]
[Result "0-1"]
[WhiteElo "2538"]
[BlackElo "2638"]
[Annotator "TA"]
[PlyCount "98"]
[EventDate "2022.??.??"]
[TimeControl "60"]

1. d4 Nf6 2. c4 e6 3. Nc3 Bb4 4. e3 O-O 5. Bd3 d5 6. Nf3 c5 7. O-O dxc4 8. Bxc4 Nbd7 9. a3 Bxc3 10. bxc3 b6 {[%emt 0:10:17] 10...Qc7 is the hot move.} 11. Re1 Bb7 12. Bd3 Ne4 {[%emt 0:04:50] E55:
Nimzo-Indian: Rubinstein: Main Line: 7...dxc4 8 Bxc4 Nbd7.} 13. Qc2 f5 14. Nd2 {[%emt 0:27:36][%cal Rd2e4] [#]} Ndf6 $146
{[%emt 0:19:12][%cal Ye4f2] The position is equal.} ({Predecessor:} 14... Nxf2
15. Kxf2 Qh4+ 16. Kf1 Qxh2 17. Nf3 Bxf3 18. gxf3 Qh1+ 19. Kf2 Qh2+ 20. Kf1 Qh1+
{½-½ (20) Dyga,R-Motz,D GER corr 1993}) 15. f3 Nxd2 16. Qxd2 Kh8 17. Bb2 Qe8 18. c4 Rd8 19. a4 Qg6 20. Kh1 Qg5 21. Qf2 Ne4 22. Qc2 (22. fxe4 $2 fxe4 23. Qg3 Qxg3 24. hxg3 exd3 $17) 22... Nf6 23. a5 h5 24. axb6 axb6 25. dxc5 bxc5 26. Bf1 (26. Ra5 $16) 26... h4 $1 $11 27. Bc3 h3 28. Rad1 Qh5 {[%emt 0:00:00] aiming for ...hxg2+.} 29. Rxd8 Rxd8 30. Qf2 Kh7 31. Qg3 {[%emt 0:00:23] [#] Black must now prevent Bxf6.} Rd7 32. Kg1 hxg2 33. Bxg2 Qg6 34. Qh4+ Kg8 35. Qg3 Qxg3 36. hxg3 Rd3 37. Ba5 Nd7 38. Bc7 {[%emt 0:00:40]
Prevents Ne5.} Kf7 39. Bf1 Rb3 40. Kf2 g5 41. Rd1 Nf6 42. Be5 $2 {[%emt 0:08:35] Now White is beyond hope.} (42. Be2
$1 $11 {and White has nothing to worry.}) 42... g4 $19 43. Be2 (43. Bxf6 {might work better.} Bxf3 44. Rd3 Rxd3 45. Bxd3 Kxf6
46. e4) 43... gxf3 44. Bxf3 Bxf3 45. Kxf3 {[%emt 0:00:12] [#] KRB-KRN} Ng4 46. Ba1 Rxe3+ 47. Kf4 $2 (47. Kg2)
47... Kg6 {[%emt 0:00:25] ...Re2 is the strong threat. Black is clearly
winning.} 48. Rd8 e5+ 49. Bxe5 Re4+ {[%emt 0:00:04] Weighted Error Value: White=0.45/Black=0.06 
(flawless)} 0-1

[Event "44th Chess Olympiad Open 2022"]
[Site "Chennai"]
[Date "2022.08.07"]
[Round "9.6"]
[White "Bluebaum, Matthias"]
[Black "Stremavicius, Titas"]
[Result "1-0"]
[WhiteElo "2673"]
[BlackElo "2532"]
[Annotator "TA"]
[PlyCount "146"]
[EventDate "2022.??.??"]
[TimeControl "60"]

1. Nf3 d5 2. g3 Nf6 3. Bg2 b5 4. O-O e6 5. d3 Be7 6. e4 {[%emt 0:01:23] A07: Réti Opening:
New York and Capablanca Systems.} dxe4 7. dxe4 Qxd1 8. Rxd1 {[%emt 0:00:05] White is slightly better.} Bb7 9. Nd4 a6 10. e5 Nd5 {[%emt 0:00:03] [#]} 11. c4 $146 ({Predecessor:} 
11. a4 Nc6 12. Nxc6 Bxc6 13. Nc3 O-O-O 14. axb5 axb5 15. Nxd5 Bxd5 16. Bxd5
exd5 17. Ra5 {½-½ (38) Norberg,J (2278)-Schneider,S (2368) Sweden 2016})
11... bxc4 12. Nd2 $1 c3 13. bxc3 {[%emt 0:02:04][%cal Yb2c3,Yc3c4,Yc4c5,Yc5c6] c4
is the strong threat.} Nc6 14. Nxc6 Bxc6 15. Nb3 {[%emt 0:03:54] Threatens to win with Na5.} Rb8 16. Na5 Ba4 17. Rd4 Bd7 18. c4 Bb4 19.
Bd2 $1 Bxd2 20. Rxd2 Ne7 21. Bb7 g5 22. c5 {[%emt 0:
04:23] White is much more active.} Nd5 23. c6 (23. Bxa6 Ra8 24. Bb7 (24. c6 Bxc6 25. Nxc6 Rxa6 $11) 24... Rxa5 $11) 23... Bc8 24. Rd4 Ke7 25. h4 Rg8 26. Rg4 h6 27.
Re1 f5 28. Rd4 g4 29. Kg2 Nc3 ({Black should play} 
29... h5 $14) 30. Rc4 ({White should try} 30. Bxc8 $1 $16
Rgxc8 31. Rd7+ Kf8 32. Nb3) 30... Nd5 $1 $14 31. Rb1 Rd8 32. Rd4 h5 33.
Rb2 Rf8 34. f4 gxf3+ $1 35. Kxf3 Rg8 36. Rb3 Rf8 37. Ra4 Rg8 38. Rc4 Kf7 39. Kf2 Ke7 40. Ra4 Rg7 41. Rc4 Rg8 42. Rb2 Rd8 43. Rd4 Rg8 44. Nc4 Rd8 45. Rd3 (45. Rb3 $14) 45... Rg8 $11 46. Rd4 (46. Rbb3 $11) 46... Rd8 $1 $14 47. Rb3 Rg8 (47... Kf8 $14) 48. Kf3 (48. Nb2 $1 $16) 48... Rf8 (48... Rg6 $11) 49.
Nb2 $1 $18 Nb6 50. Nd3 {[%emt 0:00:55]
Hoping for Nc5.} Rxb7 51. cxb7 Bxb7+ 52. Kf2 Bd5 53. Ra3 Ra8 54. Ra5 Nd7 55.
Rda4 Nb6 56. Rd4 Nd7 57. Nf4 c6 58. Nd3 ({But not} 58. Nxd5+ cxd5 59. Rda4 Rc8 $11) 58... c5 $2 (58... Rc8 $16) 59. Nxc5 Nxe5 {[%emt 0:00:00] [#]} 60. Nxe6
$1 Ng4+ $2 {[%emt 0:00:06] [#]} (60... Bxe6 61. Rxe5 Rc8) 61.
Rxg4 $1 fxg4 (61... Bxe6 62. Rg5) 62. Rxd5 Kxe6 63. Rxh5 {[%emt 0:00:03] Endgame KR-KR}
Rf8+ {[%emt 0:00:08] [#]} 64. Kg2 $1 Rc8 65.
Ra5 ({Less strong is} 65. Rh6+ Kf5 $16) 65... Rc2+ 66. Kg1 Rc6 67. Ra4 Ke5 $2 (67... Rc2 68. h5 (68. Rxg4 Rxa2 69. Rg8 Kf7 $16) 68...
Kf5 69. Rxa6 Rc1+ 70. Kf2 Ke4) 68. Rxg4 {[%emt 0:00:31] White is clearly
winning.} Rc1+ 69. Kg2 Rc2+ 70. Kh3 Rxa2 71. Rf4 a5 72. Kg4 Ke6 73. h5 Kd5 {[%emt 0:00:22] Weighted Error Value: White=0.14 (very precise) /
Black=0.25 (precise)} 1-0

[Event "44th Chess Olympiad Open 2022"]
[Site "Chennai"]
[Date "2022.08.07"]
[Round "9.6"]
[White "Kollars, Dmitrij"]
[Black "Kazakouski, Valery"]
[Result "0-1"]
[WhiteElo "2648"]
[BlackElo "2528"]
[Annotator "TA"]
[PlyCount "80"]
[EventDate "2022.??.??"]
[TimeControl "60"]

1. e4 e5 2. Nf3 Nc6 3. Bb5 a6 4. Ba4 Nf6 5. O-O Be7 6. d3 b5 7. Bb3 O-O 8. a4 b4 9. Nbd2 {[%emt 0:00:
00] C84: Closed Ruy Lopez: Unusual White 6th moves.} Bc5 10.
Nc4 d6 11. c3 {[%emt 0:02:40] The position
is equal.} bxc3 12. bxc3 Rb8 13. h3 {[%emt 0:07:58] Inhibits Bg4.} Be6 14. Ba2 h6 15. d4 $2 (15. Re1 $11) 15... Nxe4
$17 {[%emt 0:08:43] [#]} (15... exd4 16. cxd4 Nb4 17. Bb3 $11 (17. dxc5 Nxa2
18. Ncd2 dxc5 $17)) 16. dxc5 $146 ({Predecessor:} 16. Qd3 Nxc3
17. Qxc3 Nxd4 18. Kh2 Bb4 {0-1 (17) Molina Rodriguez,B (2144)-Turova,I (2422)
Santa Cruz de La Palma 2018}) 16... Nxc3 17. Qc2 Nxa2 18. Qxa2 e4 19.
Nfd2 d5 {[%emt 0:00:14] Black has strong compensation.} 20.
Na3 Nb4 21. Qb2 (21. Qb3 $142) 21... Nd3 $36 {[%emt 0:00:00][%csl Yb2,Yc5]
Black is really pushing.} 22. Qd4 Rb4 {[%emt 0:01:51] Black
is much more active.} 23. Qe3 (23. Qc3 $17) 23... f5 $19 ({Worse is} 23... Rxa4 24. Nc2 Rxa1 25. Nxa1
$17) 24. Nc2 f4 25. Qxd3 (
25. Qe2 Rc4 26. Nxc4) 25... exd3 26. Nxb4 f3 27. Nxf3 Rxf3 28. gxf3 (28. Ra3 $142 Qh4 29. Rxd3 Rxd3 30. Nxd3) 28... Qf6 {[%emt 0:
00:48] Black is clearly winning.} 29. Bd2 (29. Bf4 $142 Bxh3
30. Nxd5) 29... Qxf3 30. Nxd3 Qxd3 31. Rfe1 Bxh3 {[%emt 0:04:10] [#] ( -> ...Qg6+)} 32.
Re3 Qxd2 33. Rxh3 {[%emt 0:00:04] Endgame
KQ-KRR} d4 34. Rg3 d3 35. Rb1 Kh7 {[%emt 0:02:12] aiming for ...
Qc2.} 36. Kg2 Qc2 37. Re1 d2 38. Re7 h5 (38... d1=Q $2 {leads to mate.} 39. Rexg7+ Kh8 40. Rg8+ Kh7 41. R3g7#) 39.
Rexg7+ Kh6 40. Re7 {[%emt 0:00:15] [#]} Qf5
$1 {[%emt 0:00:20] Weighted Error Value: White=0.82/Black=0.12 (very precise)}
({Weaker is} 40... d1=Q 41. Re6+ Kh7 42. Re7+ Kh8 43. Re8+ Kh7 44. Re7+ Kh8 45.
Re8+ Kh7 46. Re7+ $11) 0-1

[Event "44th Chess Olympiad Open 2022"]
[Site "Chennai"]
[Date "2022.08.07"]
[Round "9.6"]
[White "Laurusas, Tomas"]
[Black "Keymer, Vincent"]
[Result "0-1"]
[WhiteElo "2561"]
[BlackElo "2686"]
[Annotator "TA"]
[PlyCount "74"]
[EventDate "2022.??.??"]
[TimeControl "60"]

1. d4 Nf6 2. c4 e6 3. Nf3 d5 4. Nc3 c6 5. e3 Nbd7 6. Qc2 Bd6 7. Bd3 O-O 8.
O-O dxc4 9. Bxc4 e5 10. h3 Qe7 11. Bb3 a5 $1 {[%emt 0:04:37] outshines the older 11...Bc7. D46: Semi-Slav: 5
e3 Nbd7 6 Bd3, Black avoids the Meran.} 12. a3 Bb8 $5 {
[%emt 0:02:57] Leaves trodden paths.} 13. Rd1 h6 {[%emt 0:14:
20] The position is equal.} 14. Nh4 {[%emt 0:07:14] Strongly threatening Ng6.}
Rd8 15. Nf5 {[%emt 0:06:05] [#]} Qe8 $146 ({
Predecessor:} 15... Qf8 16. Bd2 Re8 17. dxe5 Bxe5 18. f4 Bb8 19. Kh1 b5 20. Be1
Kh8 21. Bh4 Ra6 22. Qf2 g6 23. Ng3 Nh7 24. Bc2 {½-½ (26) Stone,G (2273)
-Fortune,J (2200) ICCF email 2014}) 16. dxe5 Nxe5 17. f4 Rxd1+ 18. Nxd1 a4 19. Ba2 Bxf5 20. Qxf5 Ned7 21. Nf2 Ba7 22. Bd2 Nc5 23. Re1 Rd8 24. Bc3 Nce4 25. Nxe4 (25. Bxf6 $5 Nxf6 26. Qa5 $11) 25... Qxe4 26.
Qa5 Bxe3+ 27. Kh1 b6 $1 28. Qa7 Nd5 $36 {[%emt 0:01:23] Black has
some pressure. Active counter play!} 29. Be5 Qc2 (29... Rf8 $17 30. Bb1 Qc4) 30. Bxd5 $11 cxd5 31. Qe7 Rc8 {[%emt 0:02:09] [#] Threatens to win with
...Qd2.} 32. Bxg7 $2 {[%emt 0:00:46] White does not recover from this.} (32.
Qd7 $1 $11 Bd2 33. Rg1) 32... Bf2 $19 {[%emt 0:01:47][%cal Ye3f2,Yf2e1,Ye1d2,
Yd2g5] Black is clearly winning.} ({Inferior is} 32... Kxg7 33. Rxe3 Qf5 34.
Qd6 $11) 33. Be5 (33. Bc3 $142 d4 34. Qd7 Rxc3 35. Qe8+ (35.
Re8+ $2 Kg7 $19) 35... Kg7 36. bxc3 Bxe1 37. Qxe1 dxc3 38. Qe5+ Kh7 39. Kh2)
33... Bxe1 34. Qf6 Qh7 {[%emt 0:00:09] ( -> .
..Bg3)} 35. f5 Bd2 {[%emt 0:02:45] [#] aiming for ...Bg5.} 36.
g4 Bg5 37. Qxb6 h5 {[%emt 0:
00:00] Weighted Error Value: White=0.65/Black=0.09 (flawless)} 0-1

[Event "44th Chess Olympiad Open 2022"]
[Site "Chennai"]
[Date "2022.08.07"]
[Round "9.6"]
[White "Pultinevicius, Paulius"]
[Black "Svane, Rasmus"]
[Result "1-0"]
[WhiteElo "2539"]
[BlackElo "2649"]
[Annotator "ChessBase"]
[PlyCount "105"]
[EventDate "2022.??.??"]
[TimeControl "60"]

1. d4 Nf6 2. c4 e6 3. Nf3 d5 4. Nc3 Be7 5. Bg5 h6 6. Bh4 dxc4 7. e3 c5 8.
Bxc4 cxd4 9. exd4 Nc6 10. O-O O-O 11. Re1 Nh5 12. Bxe7 Nxe7 13. Qb3 a6 14. a4 Nf6 15. Rad1 Nc6 16. d5 exd5 17. Nxd5 Nxd5 18. Bxd5 Qf6 19. Nd2 Nd4 20. Qc3 Nf5 21. Qxf6 gxf6 22. Nc4 Rb8 23. Nb6 Kg7 24. b4 Rd8 25. a5 Be6 26. Bxe6 Rxd1 27. Rxd1 fxe6 28. Rd7+ Kg6 29. Kf1 e5 30. Ke2 Nd4+ 31. Kd3 Kf5 32. Kc4 Nb5 33. Kd5 Rg8 34. g3 Rg4 35. Kc5 Rd4 36. Nd5 Nc3 37. Ne3+ Ke4 38. Rxb7 Kd3 39. Kb6 Rxb4+ 40. Kxa6 Rd4 41. Rb3 Kd2 42. Kb6 Rd8 43. Kc7 Ra8 44. Kb7 Re8 45. a6 Re7+ 46. Kb6 Ne4 47. a7 Re8 48. Nc4+ Kc2 49. Ra3 Nxf2 50. Nd6 Rd8 51. Ra2+ Kd1 52. Rxf2 Rxd6+ 53. Kc7 1-0

[Event "44th Chess Olympiad Open 2022"]
[Site "Chennai"]
[Date "2022.08.07"]
[Round "9.7"]
[White "Yilmaz, Mustafa"]
[Black "Cordova, Emilio"]
[Result "1/2-1/2"]
[WhiteElo "2634"]
[BlackElo "2549"]
[Annotator "TA"]
[PlyCount "117"]
[EventDate "2022.??.??"]
[TimeControl "60"]

1. d4 Nf6 2. c4 e6 3. Nf3 b6 4. g3 Bb7 5. Bg2 Bb4+ 6. Bd2 Bxd2+ 7. Qxd2 O-O 8. O-O d6 9. Rd1 {
[%emt 0:00:10] E16: Queen's Indian: 4 g3 Bb7 5 Bg2 Bb4+.} Nbd7 10. Qd3 Be4 11. Qe3 {[%emt 0:00:17] White is
slightly better.} a5 12. Nc3 Bb7 13. Qd3 {[%emt 0:04:35] [#]} h6 $146 ({Predecessor:} 
13... Re8 14. e4 e5 15. d5 Nc5 16. Qc2 Bc8 17. Nd2 Bd7 18. Nf1 Qb8 19. Qe2 Qb7
{½-½ (85) Holm,K (2456)-Lajthajm,B (2359) Belgrade 2021}) 14. b3 Qb8 15. d5 Nc5 16. Qc2 exd5 17. Nxd5 Bxd5 18. cxd5 b5 19. Nd4 b4 20. Nc6 Qb6 21. Rd4 Rfe8 22. e3 Nfd7 23. a3 bxa3 24. Rxa3 Nb8 $1 25. Qc3 {[%emt 0:08:08][%cal Rc6a5]
0x0.001b83b2baafdp-1022s more active pieces. The black rooks are badly placed.}
(25. Rb4 $5 axb4 26. Rxa8 $14) 25... Nxc6 26. dxc6 Rab8 27. Bd5 Re5 28. Qc4 Ne6 29. Re4 {[%emt 0:
03:39] Hoping for Rxe5.} Rxe4 30. Qxe4 Qc5 31. Ra4 Kh8 32. Rc4 (32. h4 $14 {should be considered.}) 32... Qb5 33. Rc2 (33. Rc1 $1 $14 {deserves consideration.}) 33... Nc5 (33... Ng5 $5 34. Qf5 Nh7
$11) 34. Qf5 Qd3 35. Qxd3 Nxd3 36. Bxf7 $11 {[%emt 0:00:13] Endgame KRB-KRN} a4 37. Rc3 ({Don't blunder} 37. bxa4 $2 Rb1+ 38.
Kg2 Ne1+ 39. Kh3 Nxc2 $19) 37... Ne5 38. Bd5 (38. Be6 $5 ) 38... axb3 39. Bxb3 ({Don't play} 39. Rxb3 Rxb3 40. Bxb3 Nxc6 $11) 39... g5 40. h3 h5 41. f4 Nf3+ (41... gxf4 $16 42. exf4 Ng6) 42. Kf2 $18 g4 43. hxg4 hxg4 44. Ke2 Kg7 45. Be6 Rb2+ {[%emt 0:01:
27] [#]} 46. Kd1 $1 Nh2 (46... Rd2+ $16 47.
Kc1 Rg2) 47. Rc2 Rb1+ (47... Rxc2 $142 48.
Kxc2 d5) 48. Ke2 Kf6 49. Bd7 Rh1 50. Kd3 Nf3 51. Ke4 Nh2 {[%emt 0:03:16][%cal Yh1d1] [#] .. .Rd1! is the strong
threat.} 52. Ra2 $2 (52. Rd2 $1 $18) 52... Rd1 $1 $11 {
[%emt 0:00:59][%csl Gd1][%cal Rd6d5] The position is equal.} 53. Ra5 {[%emt 0:
00:01] Prevents d5+.} Nf1 54. Bxg4 d5+ 55. Kf3 {[%emt 0:00:32] Threatens to win with Kf2.} Rd2 56. e4 {[%emt 0:00:05] And now e5+ would win.}
Nh2+ 57. Ke3 Nf1+ 58. Kf3 {
[%emt 0:00:03] aiming for e5+.} Nh2+ 59. Ke3 {[%emt 0:00:02]
White really could win this. Weighted Error Value: White=0.16 (very precise) /
Black=0.15 (very precise)} 1/2-1/2

[Event "44th Chess Olympiad Open 2022"]
[Site "Chennai"]
[Date "2022.08.07"]
[Round "9.7"]
[White "Cruz, Cristhian"]
[Black "Can, Emre"]
[Result "0-1"]
[WhiteElo "2579"]
[BlackElo "2606"]
[Annotator "RC"]
[PlyCount "54"]
[EventDate "2022.??.??"]
[TimeControl "60"]

1. d4 d5 2. c4 e6 3. Nc3 c6 4. e3 Nf6 5. Nf3 Nbd7 6. Qc2 Bd6 7. Bd3 O-O 8.
O-O dxc4 9. Bxc4 b5 10. Bd3 Bb7 11. a3 Rc8 12. Rd1 c5 13.
Bxb5 Bxf3 14. gxf3 cxd4 15. Rxd4 Nd5 16. f4 N7f6 17. Rc4 Rxc4 18. Bxc4 Qc8 19. Bd3 Nxc3 20. Qxc3 Qb8 21. Qd2 Rd8 22. Qe2 e5 23. b4 exf4 24. e4 Be5 25. Ra2 Qc8 26. Rc2 Qh3 27. f3 Bd4+ 0-1

[Event "44th Chess Olympiad Open 2022"]
[Site "Chennai"]
[Date "2022.08.07"]
[Round "9.7"]
[White "Sanal, Vahap"]
[Black "Terry, Renato"]
[Result "0-1"]
[WhiteElo "2574"]
[BlackElo "2502"]
[Annotator "TA"]
[PlyCount "104"]
[EventDate "2022.??.??"]
[TimeControl "60"]

1. Nf3 Nf6 2. c4 d6 3. d4 Nbd7 4. Nc3 e5 5. e4 Be7 6. Be2 O-O 7. O-O c6 8. Qc2 Re8 9. Rd1 Qc7 10. d5 a5 {[%emt 0:00:
00] A55: Old Indian Defence with Nf3 and e4.} 11. Be3 Ng4 12. Bd2 Nc5 {[%emt 0:04:17] White is slightly
better.} 13. h3 Nf6 {[%emt 0:00:15] [#]} 14. Rac1 $146 ({Predecessor:} 14. Be3 Bd7 15. Rac1 cxd5 16. cxd5 Rec8 17. Nd2
a4 18. Qb1 Qb8 19. Nb5 Ra5 20. Nc3 {0-1 (68) Laxman,R (2411)-Tomb,M (2084)
Chess.com INT 2021}) 14... Bd7 15. Qb1 Qb8 16. Be3 cxd5 17. cxd5 Rc8 18. Nd2 b5 {[%emt 0:00:
00] [#] ...b4 is the strong threat.} 19. Bf1 Bd8 20. Ne2 Bb6 21. Ng3 Qa7 22. Be2 Na4 23. Ndf1 g6 24. Bxb6 Qxb6 25. Rd3 (25. Nd2 $15) 25... Kg7 {[%emt 0:02:50] Black is
more active.} 26. b3 {[%emt 0:04:06] [#]} Rxc1 $1 ({But not} 
26... Nc5 $6 27. Re3 $11) 27. Qxc1 Nc5 28.
Re3 Rc8 {[%emt 0:00:44][%cal Yc5e4] Strongly threatening ...
Ncxe4!} 29. Qd2 (29. Qd1 $15) 29... b4 (29...
h5 $17 {White must now prevent ...h4.} 30. h4 Qd8) 30. Qb2 Re8 31. Nd2 h6 32. Nc4 Qc7 33. Qb1 Bc8 34.
Nf1 Ba6 35. Nfd2 Bxc4 36. Nxc4 Ra8 37. Nd2 Qb6 38. Bd1 Qc7 39. g3 Ncd7 40. Be2 Rc8
{[%emt 0:00:01] Hoping for ...Qc1+.} 41. Bc4 Qc5 42. Kg2 Nb6 43. Qd3 Nfd7 (43... a4 $15) 44. Bb5 $11 Rc7 45. Bxd7 Nxd7 46. Re2 Qc2 47. Qa6 (47. Qe3 $11 {and White stays
safe.}) 47... Qd1 {[%emt 0:00:15] ( -> ...Rc1)} 48. Nf3 $2 (
48. Nf1 Rc2 49. Rxc2 Qxc2 50. Qxd6 Qxe4+ 51. Kg1) 48... Rc3 $19 ({Don't take} 48... Rc1 49. Re1 Qc2 50. Rxc1 Qxc1 51. Qxd6 $18) 49. Re3 Rxe3 ({Not} 49... Rc1 50. Re1 Qc2 51. Rxc1
Qxc1 52. Qxd6 $18) 50. fxe3 Nc5 51. Qxd6 Qe2+ 52. Kg1 Nd3 {[%emt 0:00:
59] Weighted Error Value: White=0.48/Black=0.09 (flawless)} 0-1

[Event "44th Chess Olympiad Open 2022"]
[Site "Chennai"]
[Date "2022.08.07"]
[Round "9.7"]
[White "Vera Siguenas, Deivy"]
[Black "Solak, Dragan"]
[Result "0-1"]
[WhiteElo "2503"]
[BlackElo "2594"]
[Annotator "TA"]
[PlyCount "68"]
[EventDate "2022.??.??"]
[TimeControl "60"]

1. d4 d5 2. c4 c6 3.
Nc3 dxc4 4. e3 b5 5. a4 b4 6.
Ne4 {[%emt 0:00:08][%cal Yc3e4,Ye4d2,Yd2b1] D10: Slav Defence: 3 cxd5 (without
early Nf3) and 3 Nc3.} Qd5 7. Nd2 c3 8. bxc3 {[%emt 0:03:01] White has an edge.} bxc3 9. Nb1 Qa5 {[%emt 0:00:36] White must now prevent ...c2+.
} 10. Qc2 e5 $5 {[%emt 0:11:26] Exploring less charted
territory.} (10... Na6 $11 {keeps the balance.} 11. Qxc3 (11. Nxc3 e5 $11)
11... Nb4) 11. Nf3 $1 $16 exd4 12. Nxd4 Nf6 13. Nxc3 Bb4 14. Bd2 O-O 15. Bd3 {[%emt 0:06:25] [#]}
Ba6 $146 (15... c5 $5 16. Nb3 Qb6 $11) ({
Predecessor:} 15... Bb7 16. O-O Nbd7 17. Nb3 Qh5 18. Ne4 c5 19. a5 Nxe4 20.
Bxe4 Bxe4 21. Qxe4 Nf6 {0-1 (57) Didiliuc,D (1846)-Terbe,J (2171) Calimanesti
Caciulata 2016}) 16. O-O (16. Ne4 $5 ) 16...
Bxd3 17. Qxd3 c5 (17... Rd8
$5 18. Ne4 Bxd2 19. Qxd2 Qxd2 20. Nxd2 c5 $11) 18. Nb3 Qb6 19. Ne4 Nxe4 20.
Qxe4 Nd7 21. a5 Qe6 22. Qxe6 fxe6 23. Bxb4 cxb4 24. Rfd1 Nf6 25. Rd4 Rab8 26. Rc1 Rfd8 (26... e5 $11 27. Rdc4 Rfd8) 27. Rc7 ({
Better is} 27. Kf1 $16) 27... e5 $11 28. Rxd8+ Rxd8 {[%emt 0:00:02][%cal Rd8d1] Endgame KRN-KRN} 29. Kf1 Rd3 $1 30. Nc1 {[%emt 0:11:46] [#]} Ra3 31.
Ke2 Rxa5 32. Rb7 Nd5 33. Nd3 Nc3+ 34. Ke1 {
[%emt 0:00:21] [#]} (34. Kd2 $17 Ra2+ 35. Kc1) 34... Rd5 $1 {[%emt 0:00:59]
Weighted Error Value: White=0.16 (very precise) /Black=0.14 (very precise)} ({
Worse is} 34... Ra1+ 35. Kd2 Ra2+ 36. Kc1 $17) 0-1

[Event "44th Chess Olympiad Open 2022"]
[Site "Chennai"]
[Date "2022.08.07"]
[Round "9.8"]
[White "Jumabayev, Rinat"]
[Black "Indjic, Aleksandar"]
[Result "0-1"]
[WhiteElo "2617"]
[BlackElo "2620"]
[Annotator "TA"]
[PlyCount "120"]
[EventDate "2022.??.??"]
[TimeControl "60"]

1. d4 Nf6 2. c4 e6 3. Nf3 c5 4. d5 d6 5. Nc3 exd5 6. cxd5 g6 7. h3 Bg7 8. e4 O-O 9. Be3 Re8 {[%emt 0:00:
00] A70: Modern Benoni: 6 e4 g6 7 Nf3.} 10. Nd2 a6 11. a4 Nxe4 $1 {[%emt 0:00:15] The
position is equal.} 12. Ncxe4 {[%emt 0:00:10] And now Be2 would win.} ({But not
} 12. Ndxe4 f5 $15) 12... f5 {[%emt 0:00:05] [#]} 13. Be2 $1 {[%emt 0:00:23]
aiming for Bg5.} fxe4 14. Nc4 a5 {[%emt 0:00:
00] [#]} 15. O-O $146 ({Predecessor:} 15. Qb3 Na6 16. Bf4 Bf8
17. Nb6 Rb8 18. O-O Nb4 19. Bb5 Nd3 20. Bxe8 {1-0 (20) Plutarco,F (1894)
-Peterson,O (1886) LSS email 2020}) 15... Na6 16. Bf4 Bf8 17. Qd2 {[%emt 0:36:53] White has
compensation.} Nb4 18. Rfe1 b6 19. Rad1 Ra7 20. b3 (
20. Na3 $11) 20... Rf7 $17 {[%emt 0:00:48] Black converts the advantage
convincingly.} 21. Bg3 h5 {[%emt 0:04:10] Prevents Bg4.} 22.
Ne3 (22. f3 $142) 22... Bh6 23. Bc4 Ref8 {[%emt 0:05:17] 0x0.0023609bdb29dp-1022s
more active pieces.} 24. Re2 g5 25. Qe1 (25. Qb2 $17 {keeps fighting.}) 25... Bg7 $19 26. Rdd2 Bd4 27. Kh1 g4 28. hxg4 (28. h4 $142) 28... hxg4 29. Nf1 Nd3 30. Bxd3 exd3 31. Rxd3 Ba6 32. Rxd4 Bxe2 33. Re4 {[%emt 0:00:05] Inhibits Qe8.}
Bxf1 ({Weaker is} 33... Rh7+ 34. Nh2 Bd3 35. Rxg4+ Kh8 {[#]}
36. Bh4 $1 Rxh4 37. Qa1+ Qf6 38. Rxh4+ Kg7 39. Rg4+ Bg6 40. Qd1 $11) 34. Qxf1 Qg5 35. Qc4 Rg7 36. Bxd6 $2 (36. Kg1 {is a better chance.} Qf5 37. Re6)
36... Rxf2 $2 (36... Qd2 37. Qe2 (37. Bxf8 $2 Rh7+ 38. Kg1
Qd1+ 39. Qf1 Rh1+ 40. Kxh1 Qxf1+ 41. Kh2 Kxf8 $19) 37... Qh6+ 38. Bh2 Rh7 39.
Rxg4+ Kf7 40. Qe6+ Qxe6 41. dxe6+ Ke7) 37. Bg3 $2 (37. Bf4 {
was forced.} Qf5 38. d6+ Kf8 39. d7 Qxd7 40. Kh2 g3+ 41. Bxg3) 37... Rd2 {
[%emt 0:01:02][%cal Yf2d2,Yd2d5,Yd5d1] Threatens to win with ...Rd1+.} 38. d6+ Kh7 39. Re1 $2 (39. Qf1 {
might work better.}) 39... Qd5 40. Qxd5 Rxd5
{[%emt 0:00:04] Endgame KRR-KRB} 41. Re3 Rd1+ 42. Kh2 Kg8 {[%emt 0:00:00] Hoping for ...Rh7+.} 43. Re8+ Kf7 44. Rh8 Kg6 45. Be5 Rh7+ 46. Rxh7 Kxh7 {[%emt 0:00:07] KR-KB} 47. Kg3 Rd5 48.
Bf4 Kg6 {[%emt 0:00:00] Strongly threatening ...Kf5.} 49. Kxg4 Kf6 50. Kf3 Rd3+ 51. Ke4 Rd4+ 52. Ke3 Rb4 53. g4 Rxb3+ (53... Ke6
$142 54. g5 Rxb3+ 55. Kd2 Rb4) 54. Ke4 Rb4+ 55. Ke3 Rxa4 {[%emt 0:05:29] Black mates.} 56. d7 Ke7 57. Bc7 Kxd7 58.
Bxb6 Kc6 59. Bd8 Rxg4 60. Bxa5 Kb5 {[%emt 0:00:04] Weighted Error
Value: White=0.75/Black=0.21 (precise)} 0-1